 Dungeon Crawl Stone Soup version 0.19.0-2-gae57169 (webtiles) character file.

1300 Bsssss the Covert (level 8, -10/54 HPs)
             Began as an Octopode Assassin on Nov 2, 2016.
             Mangled by Duvessa
             ... wielding a cursed -3 short sword
              (14 damage)
             ... on level 5 of the Dungeon.
             The game lasted 00:25:20 (5434 turns).

Bsssss the Covert (Octopode Assassin)               Turns: 5434, Time: 00:25:21

Health: -10/54     AC:  1    Str: 11    XL:     8   Next: 57%
Magic:  8/8        EV: 12    Int: 17    God:
Gold:   251        SH:  9    Dex: 15    Spells: 0 memorised, 7 levels left

rFire  . . .     SeeInvis +     a - +5 dagger
rCold  + . .     Gourm    .     x - +0 shield
rNeg   . . .     Faith    .     (helmet restricted)
rPois  .         Spirit   .     (no amulet)
rElec  .         Reflect  .     F - ring of see invisible
rCorr  .         Harm     .     (no ring)
MR     .....                    (no ring)
Stlth  +++++.....               (no ring)
                                (no ring)
                                (no ring)
                                (no ring)
                                (no ring)

@: no status effects
A: almost no armour, stealthy swim, amphibious, 8 rings, constrict 8, beak,
camouflage 1, clever 2, cold resistance 1, gelatinous body 1
a: no special abilities


You were on level 5 of the Dungeon.
You were not hungry.

You visited 1 branch of the dungeon, and saw 5 of its levels.

You collected 251 gold pieces.

Inventory:

Hand Weapons
 a - a +5 dagger (weapon)
 b - a +0 blowgun
 i - a +2 quarterstaff of chaos
 D - a +1 battleaxe of freezing
 I - the +9 flail of Yphag {crush, rF+ MP+9 Int+7, unknown}
   (You found it on level 4 of the Dungeon)

   It inflicts extra damage upon your enemies.
   It affects your intelligence (+7).
   It protects you from fire.
   It affects your magic capacity (+9).
Missiles
 c - 53 poisoned needles
 d - 2 curare-tipped needles
 u - 2 tomahawks
 J - a throwing net (quivered)
Armour
 x - a +0 shield (worn)
 G - a +1 cloak of magic resistance
Jewellery
 F - a ring of see invisible (left tentacle)
Wands
 g - a wand of slowing (30/48)
 v - a wand of iceblast (15/15)
Scrolls
 e - a scroll of fear
 j - a scroll of identify
 k - a scroll of teleportation
 s - a scroll of blinking
 y - a scroll of random uselessness
 B - 2 scrolls of magic mapping
 K - a scroll of enchant armour {unknown}
Potions
 m - a potion of cancellation
 n - a potion of haste
 q - 2 potions of cure mutation
 t - 2 potions of magic
 z - a potion of flight
 C - a potion of agility
 E - a potion of degeneration
Comestibles
 f - a bread ration
 h - 4 meat rations
 H - 3 fruits


   Skills:
 + Level 3.7 Fighting
 + Level 5.0 Short Blades
 + Level 2.2 Throwing
 + Level 3.2 Dodging
 * Level 9.2 Stealth
 * Level 5.2 Shields


You had 7 spell levels left.
You didn't know any spells.

Dungeon Overview and Level Annotations

Branches:
Dungeon (5/15)
 Temple: D:4-7

Altars:
Makhleb
Trog
The Shining One

Annotations:
D:4 blackjack's ghost, amateur GrEE
D:5 Duvessa


Innate Abilities, Weirdness & Mutations

You cannot wear most types of armour.
You are very stealthy in the water. (Stealth+)
You are amphibious.
You can wear up to eight rings at the same time.
You can use your tentacles to constrict eight enemies at once.
Your skin changes colour to match your surroundings (Stealth+).
Your rubbery body absorbs attacks. (AC +1, EV +1)
You have a beak for a mouth.
Your mind is very acute. (Int +4)
Your flesh is cold resistant. (rC+)


Message History

Duvessa is moderately wounded.
You constrict Duvessa. You block Duvessa's attack.
You hit Duvessa. You squeeze Duvessa.
Duvessa is heavily wounded.
You constrict Duvessa. You block Duvessa's attack.
Duvessa hits you with a short sword!
You hit Duvessa.
Duvessa is heavily wounded.
You constrict Duvessa. Duvessa hits you with a short sword!
You hit Duvessa. You squeeze Duvessa.
Duvessa is severely wounded.
You constrict Duvessa. Duvessa hits you with a short sword!
* * * LOW HITPOINT WARNING * * *
The orc priest looks braver for a moment.
You feel better.
You constrict Duvessa. You block Duvessa's attack.
The orc priest mumbles some strange prayers to Beogh against you.
Beogh smites you!
* * * LOW HITPOINT WARNING * * *
Duvessa hits you with a short sword!
You die...

#####################
#########ooe@................
.....<..#O###################
#...e...# #.......#
#.oo.......# #.............
#..........### ..#.......###
.. Oe......#


You could see Duvessa (berserk), an ogre, an orc priest and an orc wizard.

Vanquished Creatures
  Pikel (D:5)
  Sigmund (D:3)
  Eustachio (D:5)
  A sky beast (D:5)
  A slave (D:5)
  A centaur (D:4)
  Dowan (D:5)
  A quasit (D:5)
  Crazy Yiuf (D:3)
  Ijyb (D:2)
  A worker ant (D:4)
  Robin (D:2)
  6 adders
  An ooze (D:2)
  A worm (D:2)
  2 dart slugs
  A leopard gecko (D:1)
  15 orcs
  6 bats
  7 giant cockroaches
  4 goblins (D:2)
  12 hobgoblins
  7 jackals (D:3)
  A quokka (D:4)
  5 ball pythons
  5 frilled lizards
  A goblin skeleton (D:5)
  2 goblin zombies (D:5)
  A hobgoblin zombie (D:5)
  A jackal skeleton (D:4)
  11 kobolds
  2 kobold skeletons (D:5)
  2 kobold zombies (D:5)
  3 orc zombies (D:5)
  A quokka skeleton (D:4)
  12 rats
  A fungus (D:3)
122 creatures vanquished.

Vanquished Creatures (others)
  A slave (D:5)
  An adder skeleton (D:5)
  A leopard gecko (D:5)
  A jackal (D:5)
4 creatures vanquished.

Grand Total: 126 creatures vanquished

Notes
Turn   | Place    | Note
-------+----------+-------------------------------------------
     0 | D:1      | Bsssss the Octopode Assassin began the quest for the Orb.
     0 | D:1      | Reached XP level 1. HP: 14/14 MP: 1/1
   101 | D:1      | Reached XP level 2. HP: 13/19 MP: 2/2
   582 | D:1      | Reached skill level 6 in Stealth
   600 | D:1      | Reached XP level 3. HP: 24/24 MP: 3/3
  1022 | D:2      | Noticed Ijyb
  1024 | D:2      | Killed Ijyb
  1024 | D:2      | Reached XP level 4. HP: 29/29 MP: 4/4
  1057 | D:2      | Noticed Robin
  1063 | D:2      | Reached skill level 7 in Stealth
  1068 | D:2      | Killed Robin
  1356 | D:2      | Reached XP level 5. HP: 21/35 MP: 5/5
  1897 | D:3      | Reached skill level 1 in Shields
  2158 | D:3      | You fall through a shaft!
  2274 | D:4      | Noticed blackjack's ghost (amateur GrEE)
  2285 | D:4      | HP: 1/35 [blackjack's ghost/rocky blast (5)]
  2699 | D:3      | Noticed Sigmund
  2710 | D:3      | Killed Sigmund
  2710 | D:3      | Reached skill level 8 in Stealth
  2710 | D:3      | Reached XP level 6. HP: 23/41 MP: 6/6
  3055 | D:3      | Found a runed door.
  3059 | D:3      | Noticed Crazy Yiuf
  3063 | D:3      | Killed Crazy Yiuf
  3178 | D:4      | Found a burning altar of Makhleb.
  3211 | D:4      | Got a dazzling flail
  3370 | D:4      | Reached XP level 7. HP: 45/45 MP: 7/7
  3832 | D:4      | HP: 1/45 [worker ant (6)]
  4453 | D:4      | Found a bloodstained altar of Trog.
  4581 | D:4      | Gained mutation: Your mind is acute. (Int +2) [potion of beneficial mutation]
  4582 | D:4      | Gained mutation: Your flesh is cold resistant. (rC+) [potion of beneficial mutation]
  4583 | D:4      | Gained mutation: You have a beak for a mouth. [potion of mutation]
  4583 | D:4      | Gained mutation: Your mind is very acute. (Int +4) [potion of mutation]
  4609 | D:5      | Entered Level 5 of the Dungeon
  4614 | D:5      | Found a glowing golden altar of the Shining One.
  4634 | D:5      | Reached skill level 9 in Stealth
  4785 | D:5      | Noticed Pikel
  4858 | D:5      | Killed Pikel
  4858 | D:5      | Reached XP level 8. HP: 15/52 MP: 8/8
  5046 | D:5      | Noticed Eustachio
  5054 | D:5      | Killed Eustachio
  5138 | D:5      | Reached skill level 5 in Short Blades
  5138 | D:5      | Reached skill level 5 in Shields
  5406 | D:5      | Noticed Dowan
  5407 | D:5      | Noticed Duvessa
  5424 | D:5      | Killed Dowan
  5434 | D:5      | Mangled by Duvessa

Skill      XL: |  1  2  3  4  5  6  7  8 |
---------------+-------------------------+-----
Stealth        | 6 7 8 9 |  9.2
Shields        | 2 4 5 |  5.2
Short Blades   | 3 4 5 |  5.0
Dodging        | 2 3 |  3.2
Fighting       | 3 |  3.7
Throwing       | |  2.2

Action                   |  1- 3 |  4- 6 |  7- 9 || total
-------------------------+-------+-------+-------++-------
Melee: Dagger            |    46 |   131 |   186 ||   363
       Constrict         |     9 |    31 |    27 ||    67
       Tentacles         |     3 |    25 |    19 ||    47
       Peck              |       |       |     9 ||     9
Throw: Throwing net      |       |     1 |     1 ||     2
  Use: Scroll            |       |       |    18 ||    18
       Potion            |       |       |     9 ||     9
 Stab: Sleeping          |    15 |    20 |     2 ||    37
       Distracted        |       |       |     1 ||     1
  Eat: Chunk             |       |     5 |       ||     5
       Bread ration      |       |     1 |     2 ||     3
Armor: Skin              |     2 |     4 |    34 ||    40
Dodge: Dodged            |    16 |    33 |    58 ||   107
Block: Shield            |       |    21 |    62 ||    83
